 Dungeon Crawl Stone Soup version 0.31-a0-728-g01b46875f1 (webtiles) character file.

Game seed: 14031090095125626199

13400 Dirtsage the Grappler (level 11, -4/90 HPs)
             Began as a Demonspawn Shapeshifter on Sept 11, 2023.
             Was a High Priest of Ru.
             Slain by Amaemon
             ... wielding a -1 demon whip of venom
              (11 damage)
             ... on level 1 of the Lair of Beasts.
             The game lasted 00:25:48 (10944 turns).

Dirtsage the Grappler (Demonspawn Shapeshifter)    Turns: 10944, Time: 00:25:49

Health: -4/90      AC: 14    Str: 19    XL:     11   Next: 75%
Magic:  11/11      EV:  6    Int: 11    God:    Ru [*****.]
Gold:   1037       SH:  0    Dex: 15    Spells: 10/10 levels left

rFire   . .          .
                       - Unarmed
rCold   . . .        (shield currently unavailable)
rNeg    . . .        w - +0 ring mail
rPois   .            M - +2 helmet {SInv}
rElec   .            n - +2 cloak
rCorr   .            (no gloves)
SInv    +            L - +2 pair of boots {rampage}
Will    ++...        H - amulet of faith
Stlth   +            u - ring of willpower
HPRegen 0.35/turn    F - ring of willpower
MPRegen 0.12/turn

%: rampage, faith
@: lethally poisoned (-4 -> -10), flux-form, slowed, glowing, studying Fighting,
very slow
A: glow, contaminating, thin skeletal structure 1, powered by pain 2, spiny 1,
inability to use devices, hated by all, reduced EV 1, unskilled 1, demonic touch
1
a: Begin Untransformation, Renounce Religion, Draw Out Power, Power Leap,
Apocalypse


You were on level 1 of the Lair of Beasts.
You worshipped Ru.
Ru was extremely pleased with you.
You were something dangerously unstable.
You visited 3 branches of the dungeon, and saw 12 of its levels.
You also visited: Bailey.

You collected 1467 gold pieces.
You spent 430 gold pieces at shops.

Inventory:

Armour
 n - a +2 cloak (worn)
 w - a +0 ring mail (worn)
 L - a +2 pair of boots of rampaging (worn)
 M - a +2 helmet of see invisible (worn)
 O - a +4 scale mail of willpower
 Q - the +7 chain mail "Qeurelap" {rC- Str+6 Int+7}
   (You took it off an orc on level 10 of the Dungeon)

   Str+6:     It affects your strength (+6).
   Int+7:     It affects your intelligence (+7).
   rC-:       It makes you vulnerable to cold.
 R - the +0 cloak of Edghaedgh {rC+}
   (You found it on level 10 of the Dungeon)

   rC+:       It protects you from cold.
Jewellery
 e - a ring of ice
 u - a ring of willpower (left hand)
 x - a +6 ring of dexterity
 z - an amulet of magic regeneration
 F - a ring of willpower (right hand)
 H - an amulet of faith (around neck)
 I - a ring of magical power
 P - a +5 ring of evasion
Talismans
 b - a serpent talisman
 c - a beast talisman
 d - a flux talisman (active)
Scrolls
 a - 2 scrolls of torment {unknown}
 f - a scroll of enchant armour {unknown}
 g - 2 scrolls of fear
 i - 3 scrolls of identify
 p - 2 scrolls of vulnerability {unknown}
 r - 2 scrolls of immolation
 t - 5 scrolls of teleportation
 v - 2 scrolls of poison {unknown}
 y - a scroll of summoning {unknown}
 A - 2 scrolls of fog
 B - 2 scrolls of blinking
 E - 2 scrolls of revelation {unknown}
 G - 2 scrolls of enchant weapon {unknown}
Potions
 h - 2 potions of mutation {unknown}
 j - 4 potions of cancellation {unknown}
 k - 5 potions of haste {unknown}
 l - a potion of invisibility {unknown}
 m - 2 potions of attraction {unknown}
 o - a potion of enlightenment {unknown}
 q - 2 potions of curing
 s - a potion of experience {unknown}
 C - 3 potions of berserk rage {unknown}
 D - 2 potions of brilliance {unknown}
 J - a potion of degeneration {unknown}
 K - a potion of heal wounds {unknown}
 N - 3 potions of magic {unknown}


   Skills:
 + Level 9.9 Fighting
 - Level 1.5 Dodging
 * Level 11.6 Unarmed Combat
 + Level 7.8 Shapeshifting


You had 10 spell levels left.
You didn't know any spells.
Your spell library contained the following spells:

 Spells                   Type           Power      Damage    Failure   Level
 Blink                    Tloc           0%         N/A       67%         2
 Cigotuvi's Dreadful Rot  Necr/Pois/Air  0%         N/A       67%         2
 Ensorcelled Hibernation  Hex/Ice        0%         N/A       67%         2
 Jinxbite                 Hex            0%         N/A       67%         2
 Lesser Beckoning         Tloc           0%         N/A       67%         2
 Momentum Strike          Conj/Tloc      0%         3d8       67%         2
 Passwall                 Tmut/Erth      0%         N/A       67%         2
 Ignite Poison            Fire/Tmut/Pois 0%         N/A       88%         3
 Stone Arrow              Conj/Erth      0%         3d7       88%         3
 Swiftness                Air            0%         N/A       88%         3
 Anguish                  Hex/Necr       0%         N/A       99%         4
 Freezing Cloud           Conj/Ice/Air   0%         6-21      100%        5
 Lee's Rapid Deconstruct  Erth           0%         3d4*      100%        5
 Lehudib's Crystal Spear  Conj/Erth      0%         10d2      100%        8
 Animate Armour           Summ/Erth      Unusable   N/A       N/A         4
 Summon Lightning Spire   Summ/Air       Unusable   N/A       N/A         4

Dungeon Overview and Level Annotations

Branches:
Dungeon (10/15)            Temple (1/1) D:7            Lair (1/5) D:10
 Bailey (visited)
    Orc: D:9-12

Altars:
Ashenzari
Cheibriados
Dithmenos
Gozag
Kikubaaqudgha
Makhleb
Nemelex Xobeh
Okawaru
Qazlal
Ru
Sif Muna
Trog
Uskayaw
Vehumet
Wu Jian
Xom

Shops:
D:5 [   D:7 *

Annotations:
Lair:1 Amaemon


Innate Abilities, Weirdness & Mutations

You are something dangerously unstable.
You glow with magical radiation, making you easy to see and hit.
Foes you strike become dangerously contaminated with magical radiation.
You are incapable of wielding weapons or throwing items.
You have a somewhat thin skeletal structure. (Dex +2, Stealth+)
You sometimes gain power by taking damage.
You are partially covered in sharp spines.
You cannot study or use magical devices.
You are hated by all.
You have somewhat slow reflexes. (EV -5)
You are somewhat unskilled. (-1 Apt)
Your touch may inflict minor irresistible damage on your foes.


Message History

The orange demon barely misses you.
You take 1 damage, and have 46/90 hp.
You hit Amaemon.
Amaemon begins to glow.
Amaemon is moderately wounded.
You feel very sick.
Amaemon is stunned by your conviction and fails to attack.
The orange demon stings you from afar!
You are lethally poisoned!
You have difficulty breathing.
* * * LOW HITPOINT WARNING * * *
You feel yourself slow down.
You take 22 damage, and have 24/90 hp.
MASSIVE DAMAGE!!
You punch Amaemon!
Amaemon glows dangerously bright.
Amaemon is heavily wounded.
* * * LOW HITPOINT WARNING * * *
You feel extremely sick. Amaemon completely misses you.
Amaemon claws you but does no damage.
Amaemon tail-slaps you but does no damage.
The orange demon barely misses you.
You take 7 damage, and have 17/90 hp.
You feel better. Amaemon is struck by your spines. Amaemon barely misses you.
Amaemon claws you.
* * * LOW HITPOINT WARNING * * *
Amaemon tail-slaps you but does no damage.
The orange demon barely misses you.
Amaemon begins to cast a spell, but is stunned by your conviction!
The orange demon barely misses you.
You regained 6 hp, and now have 23/90 hp.
You barely miss Amaemon.
You touch Amaemon!
Amaemon is heavily wounded.
The orange demon stings you from afar.
* * * LOW HITPOINT WARNING * * *
You are poisoned.
You have difficulty breathing.
* * * LOW HITPOINT WARNING * * *
You feel as though you will be slow longer.
You focus your inner power and paralyse the orange demon in retribution!
Amaemon is struck by your spines.
Amaemon hits you with a -1 demon whip of venom!
You die...

.. ...## ##### ## #
...#.###.#.####.##..
^...................
....................
....................
.......†............
.....46B....<.......
....................
...$................
....................
....................
.########.##.#.#####
########


You could see Amaemon (heavy contam, misshapen) and an orange demon (curare,
paralysed).

Vanquished Creatures
  Erolcha (D:9)
  3 two-headed ogres
  The ghost of gruber the Destroyer, a journeyman DECj of Vehumet (D:10)
  An orc knight (Bailey)
  A deep elf pyromancer (Bailey)
  Jeremiah (D:8)
  A hornet (D:10)
  Grinder (D:3)
  5 wyverns
  11 yaks (D:10)
  Eustachio (D:4)
  Grum (D:8)
  Edmund (D:5)
  Duvessa (D:5)
  6 water moccasins
  A sky beast (D:7)
  3 ice beasts
  11 orc warriors
  A black bear (D:4)
  2 ogres (D:5)
  7 wolves
  2 centaurs
  3 phantoms
  2 kobold brigands
  4 bullfrogs
  3 scorpions
  11 wights
  Dowan (D:5)
  15 killer bees (D:9)
  5 howler monkeys
  5 orc priests
  3 quasits (D:8)
  6 hounds
  A jelly (D:6)
  A sleepcap (D:5)
  Crazy Yiuf (D:2)
  An iguana (D:7)
  Jessica (D:3)
  Natasha (thrice) (D:3)
  5 orc wizards
  10 adders
  8 shadow imps (D:8)
  2 white imps
  9 ufetubi
  4 worms
  3 dart slugs
  35 orcs
  4 bats
  4 endoplasms
  3 giant cockroaches
  11 goblins
  4 hobgoblins
  2 quokkas
  6 ball pythons
  3 frilled lizards
  11 kobolds
  24 rats
277 creatures vanquished.

Notes
Turn   | Place    | Note
-------+----------+-------------------------------------------
     0 | D:1      | Dirtsage the Demonspawn Shapeshifter began the quest for
                  | the Orb.
     0 | D:1      | Reached XP level 1. HP: 15/15 MP: 1/1
   366 | D:1      | Gained mutation: You have a somewhat thin skeletal
                  | structure. (Dex +2, Stealth+) [demonic ancestry]
   366 | D:1      | Reached XP level 2. HP: 19/21 MP: 2/2
   506 | D:1      | Reached skill level 3 in Unarmed Combat
   912 | D:2      | Gained mutation: You sometimes gain a little power by
                  | taking damage. [demonic ancestry]
   912 | D:2      | Reached XP level 3. HP: 27/27 MP: 3/3
   944 | D:2      | Found a faded altar of an unknown god.
  1040 | D:2      | Found a runed translucent door.
  1041 | D:2      | Noticed Crazy Yiuf
  1046 | D:2      | Killed Crazy Yiuf
  1079 | D:2      | Reached XP level 4. HP: 24/33 MP: 4/4
  1178 | D:2      | Found a sacrificial altar of Ru.
  1184 | D:2      | Became a worshipper of Ru the Awakened
  1680 | D:3      | Noticed Jessica
  1688 | D:3      | Found a sparkling altar of Nemelex Xobeh.
  1712 | D:3      | Killed Jessica
  1713 | D:3      | Reached skill level 4 in Unarmed Combat
  1766 | D:3      | Noticed Natasha
  1778 | D:3      | Killed Natasha
  1779 | D:3      | Reached XP level 5. HP: 39/39 MP: 5/5
  1869 | D:3      | Noticed Natasha
  1879 | D:3      | Killed Natasha
  1975 | D:3      | Noticed Grinder
  1975 | D:3      | Paralysed by Grinder for 2 turns
  1987 | D:3      | Killed Grinder
  1988 | D:3      | Reached skill level 5 in Unarmed Combat
  1988 | D:3      | Reached XP level 6. HP: 47/47 MP: 6/6
  2174 | D:3      | Noticed Natasha
  2187 | D:3      | Killed Natasha
  2421 | D:4      | Noticed Eustachio
  2464 | D:3      | Gained mutation: You cannot study or use magical devices.
                  | [Ru sacrifice]
  2464 | D:3      | Reached * piety under Ru
  2464 | D:3      | Reached ** piety under Ru
  2578 | D:4      | Gained mutation: You are partially covered in sharp spines.
                  | [demonic ancestry]
  2578 | D:4      | Reached XP level 7. HP: 39/53 MP: 7/7
  3094 | D:4      | Reached skill level 6 in Unarmed Combat
  3251 | D:4      | Killed Eustachio
  3509 | D:4      | Reached XP level 8. HP: 59/61 MP: 8/8
  3591 | D:4      | Found a burning altar of Makhleb.
  3743 | D:5      | Entered Level 5 of the Dungeon
  3988 | D:5      | Reached skill level 5 in Fighting
  4005 | D:5      | Found an opulent altar of Gozag.
  4064 | D:5      | Noticed Duvessa
  4065 | D:5      | Noticed Dowan
  4078 | D:5      | Killed Duvessa
  4079 | D:5      | Reached skill level 7 in Unarmed Combat
  4079 | D:5      | Reached skill level 5 in Shapeshifting
  4081 | D:5      | Killed Dowan
  4309 | D:5      | Noticed Edmund
  4319 | D:5      | Killed Edmund
  4503 | D:5      | Found Niro's Armour Boutique.
  4841 | D:6      | Found a shadowy altar of Dithmenos.
  5070 | D:6      | Reached skill level 8 in Unarmed Combat
  5148 | D:6      | Gained mutation: You are hated by all. [Ru sacrifice]
  5148 | D:6      | Reached *** piety under Ru
  5263 | D:6      | Found an ancient bone altar of Kikubaaqudgha.
  5601 | D:6      | Gained mutation: You sometimes gain power by taking damage.
                  | [demonic ancestry]
  5601 | D:6      | Reached XP level 9. HP: 69/69 MP: 9/9
  5619 | D:6      | Found a bloodstained altar of Trog.
  5781 | D:7      | Found a broken altar of Ashenzari.
  5836 | D:7      | Found a shimmering blue altar of Sif Muna.
  6006 | D:7      | Found a staircase to the Ecumenical Temple.
  6041 | Temple   | Entered the Ecumenical Temple
  6514 | D:7      | Found Xuopneqe's Profane Products.
  6652 | D:8      | Noticed Jeremiah
  6888 | D:8      | Noticed a two-headed ogre
  6898 | D:8      | Killed a two-headed ogre
  6899 | D:8      | Reached skill level 9 in Unarmed Combat
  7276 | D:5      | Bought a +2 pair of boots of rampaging for 215 gold pieces
  7276 | D:5      | Bought a +2 helmet of see invisible for 215 gold pieces
  7345 | D:8      | Killed Jeremiah
  7460 | D:8      | Gained mutation: Your touch may inflict minor irresistible
                  | damage on your foes. [demonic ancestry]
  7460 | D:8      | Reached XP level 10. HP: 75/79 MP: 10/10
  7510 | D:8      | Found a shimmering altar of Xom.
  7512 | D:8      | Noticed Grum
  7523 | D:8      | Killed Grum
  7524 | D:8      | Reached skill level 10 in Unarmed Combat
  8452 | D:9      | Gained mutation: You are somewhat unskilled. (-1 Apt) [Ru
                  | sacrifice]
  8452 | D:9      | Reduced skill Unarmed Combat to level 9
  8452 | D:9      | Reached **** piety under Ru
  8705 | D:9      | Noticed Erolcha
  8711 | D:9      | Killed Erolcha
  8712 | D:9      | Reached skill level 10 in Unarmed Combat
  9025 | D:9      | Noticed a two-headed ogre
  9031 | D:9      | Killed a two-headed ogre
  9204 | D:9      | Identified 3 scrolls of acquirement
  9205 | D:9      | Acquired 695 gold pieces
  9206 | D:9      | Acquired a manual of Fighting
  9208 | D:9      | Acquired an amulet of guardian spirit
  9376 | D:10     | Entered Level 10 of the Dungeon
  9397 | D:10     | Reached XP level 11. HP: 78/86 MP: 11/11
  9433 | D:10     | Found an ornate altar of the Wu Jian Council.
  9482 | D:10     | Found a staircase to the Lair.
  9636 | D:10     | Identified the +7 spear "Gahoomol" {spect, rCorr Int+3}
  9774 | D:10     | Found a flagged portal.
  9785 | Bailey   | Entered a bailey
  9811 | Bailey   | Reached skill level 11 in Unarmed Combat
  9849 | Bailey   | Noticed an orc knight
  9858 | Bailey   | Killed an orc knight
  9873 | Bailey   | Gained mutation: You have somewhat slow reflexes. (EV -5)
                  | [Ru sacrifice]
  9873 | Bailey   | Reached ***** piety under Ru
  9978 | Bailey   | Found a large runed translucent door.
  9978 | Bailey   | Found a large runed translucent door.
  9979 | Bailey   | Noticed a deep elf pyromancer
 10009 | Bailey   | Killed a deep elf pyromancer
 10219 | D:10     | Found a runed translucent gate.
 10220 | D:10     | Found a runed translucent gate.
 10220 | D:10     | Noticed gruber's ghost (journeyman DECj)
 10221 | D:10     | Found a runed translucent gate.
 10232 | D:10     | Identified the +7 chain mail "Qeurelap" {rC- Str+6 Int+7}
 10657 | D:10     | Noticed a two-headed ogre
 10661 | D:10     | Killed a two-headed ogre
 10802 | D:10     | Killed gruber's ghost
 10886 | D:10     | Identified the +0 cloak of Edghaedgh {rC+}
 10925 | Lair:1   | Entered Level 1 of the Lair of Beasts
 10928 | Lair:1   | Noticed Amaemon
 10944 | Lair:1   | Slain by Amaemon

Illustrated notes

Levels and vault maps discovered:
D:1:      lightli_arrival_lavapool, layout_loops_cross
D:2:      layout_rooms, basic_altar, shapermc_ecumenical_altar_venn,
          uniq_crazy_yiuf_cottage
D:3:      layout_basic, mainiacjoe_overflow_brackets, minmay_rat_hole,
          uniq_grinder, uniq_jessica, uniq_natasha
D:4:      layout_cave_pods, kennysheep_mini_moat, amcnicky_altar_gilded,
          grunt_decor_fettered, uniq_eustachio
D:5:      layout_gridville, old_standard_altar, serial_shops,
          nicolae_shop_tiny_real_fake_doors, palyth_stone_intersect,
          uniq_edmund, uniq_duvessa
D:6:      layout_loops_corners, mainiacjoe_overflow_surrounded_room,
          lemuel_zombie_altar_kikubaaqudgha, nicolae_dithmenos_the_darkroom
D:7:      layout_basic, jmf_multi_god_temple, lemuel_doored_altar,
          minmay_temple_entry_trees, nicolae_evil_shop
D:8:      layout_loops_ring, mainiacjoe_overflow_small_starburst,
          serial_demonic, serial_demonic_f, serial_demonic_a, serial_demonic_c,
          serial_demonic_c, serial_demonic_a, serial_demonic_c,
          minmay_fractal_squares_diagonal_5, uniq_jeremiah, uniq_maggie,
          uniq_grum
D:9:      layout_roguey, mainiacjoe_overflow_alcove_1, kennysheep_little_box,
          uniq_erolcha
D:10:     layout_loops_ring, mainiacjoe_overflow_six_doors_small,
          minmay_lair_entry_grove, biasface_ghost_orc_armoury, enter_bailey_3,
          corexii_hall_statues_i
Temple:   nicolae_temple_colour_theory
Lair:1:   layout_big_grid, grunt_megastairs_2, uniq_amaemon, uniq_harold

Skill      XL: |  1  2  3  4  5  6  7  8  9 10 11 |
---------------+----------------------------------+-----
Unarmed Combat | 3 4 5 6 8 9 10 11 | 11.6
Shapeshifting  | 3 4 5 6 7 |  7.8
Fighting       | 2 3 4 5 7 8 9 |  9.9
Dodging        | |  1.5

Action                     |  1- 3 |  4- 6 |  7- 9 | 10-12 || total
---------------------------+-------+-------+-------+-------++-------
  Melee: Unarmed           |    83 |   122 |   313 |   337 ||   855
         Punch             |       |     4 |    13 |       ||    17
         Touch             |       |       |       |    77 ||    77
 Invoke: Sacrifice Artific |       |     1 |       |       ||     1
         Sacrifice Love    |       |       |     1 |       ||     1
         Sacrifice Skill   |       |       |       |     1 ||     1
         Sacrifice Health  |       |       |       |     1 ||     1
  Evoke: Wand              |     2 |       |       |       ||     2
    Use: Potion            |       |     1 |     2 |     3 ||     6
         Scroll            |       |       |     4 |     6 ||    10
   Stab: Sleeping          |     3 |     4 |     4 |       ||    11
         Invisible         |       |       |     3 |       ||     3
         Distracted        |       |       |     2 |     1 ||     3
         Paralysed         |       |       |       |     3 ||     3
 Armour: Animal skin       |     8 |       |       |       ||     8
         Leather armour    |    27 |    16 |       |       ||    43
         Ring mail         |       |    48 |   160 |   195 ||   403
         Skin              |       |     3 |     3 |       ||     6
  Dodge: Dodged            |    44 |    67 |   121 |   144 ||   376
   Form: Anaconda          |       |       |     1 |       ||     1
         Flux              |       |       |     1 |       ||     1

Table legend: (Time is in decaauts)
 A = Elapsed time spent in this place.
 B = Non-inter-level travel time spent in this place.
 C = Inter-level travel time spent in this place.
 D = Time resting spent in this place.
 E = Time spent auto-exploring this place.
 F = Levels seen in this place.
 G = Mean time per level.
                   A        B        C        D        E       F      G
               +--------+--------+--------+--------+--------+-----+--------+
         Total |  10824 |  10291 |    533 |    505 |   7966 |  13 |  832.6 |
       Dungeon |  10504 |   9971 |    533 |    462 |   7859 |  10 | 1050.4 |
        Temple |      1 |      1 |      0 |      0 |      0 |   1 |    1.0 |
          Lair |     16 |     16 |      0 |      0 |      0 |   1 |   16.0 |
        Bailey |    300 |    300 |      0 |     43 |    107 |   1 |  300.0 |
               +--------+--------+--------+--------+--------+-----+--------+

Top non-repeatable levels by time:
     D:8: 1389 daAuts
     D:4: 1271 daAuts
    D:10: 1210 daAuts
     D:7: 1169 daAuts
     D:3: 1078 daAuts
     D:6: 1035 daAuts
     D:5: 1006 daAuts
     D:9: 976 daAuts
     D:1: 861 daAuts
     D:2: 505 daAuts
  Bailey: 300 daAuts
  Lair:1: 16 daAuts
  Temple: 1 daAuts
